 Dungeon Crawl Stone Soup version 0.21-a0-509-gecc5317 (webtiles) character file.

525 tidbits the Digger (level 7, 0/50 HPs)
             Began as a Gnoll Earth Elementalist on Nov 30, 2017.
             Slain by an orc warrior
             ... wielding a +0 long sword
              (17 damage)
             ... on level 5 of the Dungeon.
             The game lasted 00:12:00 (1288 turns).

tidbits the Digger (Gnoll Earth Elementalist)       Turns: 1288, Time: 00:12:00

Health: 0/50       AC:  2    Str: 11    XL:     7   Next: 22%
Magic:  11/15      EV: 15    Int: 19    God:
Gold:   115        SH:  0    Dex: 15    Spells: 11/17 levels left

rFire    . . .     SeeInvis .   a - +2 dagger (venom)
rCold    . . .     Gourm    .   (no shield)
rNeg     + . .     Faith    .   c - +0 robe
rPois    .         Spirit   .   (no helmet)
rElec    .         Reflect  .   (no cloak)
rCorr    .         Harm     .   (no gloves)
MR       .....                  (no boots)
Stlth    +++.......             (no amulet)
HPRegen  0.16/turn              W - ring of wizardry
MPRegen  0.14/turn              E - ring of positive energy

@: no status effects
A: distributed training, fangs 1, strong nose
a: no special abilities


You were on level 5 of the Dungeon.
You were not hungry.

You visited 1 branch of the dungeon, and saw 5 of its levels.

You collected 115 gold pieces.

Inventory:

Hand Weapons
 a - a +2 dagger of venom (weapon)
   (You took it off an orc priest on level 3 of the Dungeon)
 s - a +0 club
 x - a +0 dagger
 z - a +0 morningstar of draining
   (You took it off an orc on level 3 of the Dungeon)
 A - a +0 hunting sling
Missiles
 b - 60 stones (quivered)
 f - 2 throwing nets {!f}
 n - 43 arrows
 v - 59 sling bullets
Armour
 c - a +0 robe (worn)
 t - a +0 shield
Jewellery
 E - a ring of positive energy (right hand)
   (You found it on level 2 of the Dungeon)
 W - a ring of wizardry (left hand)
   (You found it on level 2 of the Dungeon)
Wands
 q - a wand of iceblast (5)
Scrolls
 h - 2 scrolls of teleportation {unknown}
 k - a scroll of fog {unknown}
 o - 4 scrolls of remove curse {unknown}
 r - a scroll of amnesia {unknown}
 y - a scroll of enchant weapon
 B - a scroll of magic mapping
Potions
 g - a potion of haste {unknown}
 j - a potion of brilliance
 p - a potion of flight
 u - a potion of curing
 w - a potion of degeneration
Books
 e - a book of Geomancy

   Spells                             Type                      Level
   a - Sandblast                      Earth                        1
   b - Passwall                       Transmutation/Earth          2
   c - Stone Arrow                    Conjuration/Earth            3
   d - Petrify                        Transmutation/Earth          4
   e - Lee's Rapid Deconstruction     Earth                        5
Comestibles
 d - a bread ration
 l - 3 meat rations
 C - a royal jelly


   Skills:
 + Level 2.3 Fighting
 + Level 2.3 Short Blades
 + Level 2.3 Long Blades
 + Level 2.3 Axes
 + Level 2.3 Maces & Flails
 + Level 2.3 Polearms
 + Level 2.3 Staves
 + Level 2.3 Slings
 + Level 2.3 Bows
 + Level 2.3 Crossbows
 + Level 2.3 Throwing
 + Level 2.3 Armour
 + Level 5.1 Dodging
 + Level 4.8 Stealth
 + Level 2.3 Shields
 + Level 2.3 Unarmed Combat
 + Level 5.5 Spellcasting
 + Level 1.8 Conjurations
 + Level 1.8 Hexes
 + Level 1.8 Charms
 + Level 1.8 Summonings
 + Level 1.8 Necromancy
 + Level 1.8 Translocations
 + Level 2.8 Transmutations
 + Level 1.8 Fire Magic
 + Level 1.8 Ice Magic
 + Level 1.8 Air Magic
 + Level 5.8 Earth Magic
 + Level 1.8 Poison Magic
 + Level 2.5 Invocations
 + Level 2.3 Evocations


You had 11 spell levels left.
You knew the following spells:

 Your Spells              Type           Power        Failure   Level  Hunger
a - Sandblast             Erth           ####..       1%          1    None
w - Passwall              Tmut/Erth      ###.......   1%          2    None
z - Stone Arrow           Conj/Erth      ###...       3%          3    ##.....


Dungeon Overview and Level Annotations

Branches:
Dungeon (5/15)
 Temple: D:4-7

Altars:


Innate Abilities, Weirdness & Mutations

Your experience applies equally to all skills.
You have very sharp teeth.
Your uncanny sense of smell can sniff out nearby items.


Message History

Press: ? - help, Shift-Dir - straight line, f/p - ogre
Aim: an ogre, wielding a giant club The blast of sand hits the ogre.
The ogre is severely wounded.
b - 62 stones The ogre completely misses you.
Casting: Sandblast
Confirm with . or Enter, or press ? or * to list all spells.
Okay, then.
You hit the ogre.
The ogre is poisoned.
The ogre is severely wounded.
The ogre misses you.
You kill the ogre!
You have reached level 7!
Things that are here:
a giant club; an ogre corpse; a leopard gecko corpse Butcher an ogre corpse? [(y)es/(c)hoosy/(n)o/(a)ll/(e)dible/(q)uit/?]
Butcher a leopard gecko corpse? [(y)es/(c)hoosy/(n)o/(a)ll/(e)dible/(q)uit/?]
Okay, then.
You butcher the ogre corpse.
Items here: % ) ÷ † a giant club; 3 chunks of flesh; an ogre skeleton; a leopard gecko corpse Unknown command.
Eat one of 3 chunks of flesh? (ye/n/q)
You eat one of the 3 chunks of flesh.
This raw flesh tastes terrible.
You see here 19 sling bullets.
v - 59 sling bullets (gained 19)
Found a stone staircase leading down.
An orc warrior comes into view. It is wielding a long sword.
The orc warrior shouts!
Found a dagger.
A gnoll sergeant comes into view. It is wielding a trident.
Press: ? - help, v - describe, . - travel
Here: an orc warrior, wielding a long sword, wearing a chain mail and wearing a shield The floor.
An ogre comes into view. It is wielding a giant spiked club.
You are starting to lose your buoyancy.
You float gracefully downwards.
You hear the hiss of a distant avalanche of sand.
Found a scroll labeled LEJEAC ROQEXZE.
Found a stone staircase leading down.
A centaur and a skeleton come into view.
The centaur shouts!
The centaur wields a shortbow.
The centaur shoots an arrow.
The arrow hits you!
The centaur shoots an arrow.
The arrow barely misses you.
Found a scroll labeled YQICUMY LORI.
You see here a scroll labeled LEJEAC ROQEXZE.
The centaur unwields an uncursed shortbow.
The centaur barely misses you.
You hit the centaur.
The centaur is poisoned.
The centaur is moderately wounded.
The hound skeleton closely misses you. The centaur barely misses you.
Casting: Sandblast
Confirm with . or Enter, or press ? or * to list all spells.
Aiming: Sandblast
Press: ? - help, Shift-Dir - straight line, f - hound skeleton
Aim: a hound skeleton The blast of sand hits the hound skeleton.
The hound skeleton is severely damaged.
b - 61 stones The hound skeleton misses you.
The centaur barely misses you. The hound skeleton bites you.
The centaur barely misses you.
Casting: Sandblast
Confirm with . or Enter, or press ? or * to list all spells.
Aiming: Sandblast
Press: ? - help, Shift-Dir - straight line, f - centaur, p - hound skeleton
Aim: a centaur (heavily wounded, poisoned)
The blast of sand hits the centaur.
You kill the centaur!
b - 60 stones The hound skeleton closely misses you.
You hit the hound skeleton.
The hound skeleton is severely damaged.
The hound skeleton misses you.
You barely miss the orc warrior. The hound skeleton bites you.
The orc warrior misses you.
You hit the orc warrior but do no damage.
The orc warrior is poisoned.
The hound skeleton barely misses you.
The orc warrior hits you with a long sword!
* * * LOW HITPOINT WARNING * * *
The hound skeleton closely misses you.
Evoke which item? (* to show all) (? for menu, Esc to quit)
Aiming: Iceblast
Press: ? - help, Shift-Dir - straight line
Okay, then.
Evoke which item? (* to show all) (? for menu, Esc to quit)
Aiming: Iceblast
Press: ? - help, Shift-Dir - straight line
Okay, then.
The hound skeleton bites you but does no damage.
A killer bee zombie comes into view.
Evoke which item? (* to show all) (? for menu, Esc to quit)
Aiming: Iceblast
Press: ? - help, Shift-Dir - straight line The mass of ice explodes!
The iceblast engulfs the orc warrior.
The orc warrior is heavily wounded.
You hear a shout!
The hound skeleton bites you.
* * * LOW HITPOINT WARNING * * *
The orc warrior hits you with a long sword!
You die...

# ####### ..#.....##
....?....##
..........#
..........#
.......@..#
.......Zo.#
.......Z).#
.........##########
........?###......###
#...####(............
#... ####.......# #..
#####.......#
#......o...>#


You could see an orc warrior, a killer bee zombie and a hound skeleton.

Vanquished Creatures
  An ogre (D:5)
  A centaur (D:5)
  A wyvern zombie (D:5)
  An orc wizard (D:3)
  2 orc priests (D:3)
  A worker ant (D:3)
  4 gnolls (D:5)
  3 adders
  An ooze (D:2)
  2 worms
  2 dart slugs
  2 leopard geckos
  18 orcs
  A ball python (D:2)
  2 giant cockroaches
  5 goblins
  13 hobgoblins
  11 kobolds
  A quokka (D:3)
  8 bats
  7 frilled lizards
  9 rats
96 creatures vanquished.

Notes
Turn   | Place    | Note
-------+----------+-------------------------------------------
     0 | D:1      | tidbits the Gnoll Earth Elementalist began the quest for the Orb.
     0 | D:1      | Reached XP level 1. HP: 13/13 MP: 6/6
   110 | D:1      | Reached skill level 2 in Transmutations
   129 | D:1      | Reached XP level 2. HP: 19/19 MP: 3/7
   133 | D:1      | Learned a level 2 spell: Passwall
   264 | D:2      | Reached XP level 3. HP: 25/25 MP: 5/9
   269 | D:2      | Learned a level 3 spell: Stone Arrow
   300 | D:1      | Reached skill level 5 in Spellcasting
   350 | D:2      | Reached skill level 1 in Invocations
   419 | D:2      | Reached skill level 1 in Fighting
   419 | D:2      | Reached skill level 1 in Short Blades
   419 | D:2      | Reached skill level 1 in Long Blades
   419 | D:2      | Reached skill level 1 in Axes
   419 | D:2      | Reached skill level 1 in Maces & Flails
   419 | D:2      | Reached skill level 1 in Polearms
   419 | D:2      | Reached skill level 1 in Staves
   419 | D:2      | Reached skill level 1 in Slings
   419 | D:2      | Reached skill level 1 in Bows
   419 | D:2      | Reached skill level 1 in Crossbows
   419 | D:2      | Reached skill level 1 in Throwing
   419 | D:2      | Reached skill level 1 in Armour
   419 | D:2      | Reached skill level 1 in Shields
   419 | D:2      | Reached skill level 1 in Unarmed Combat
   419 | D:2      | Reached skill level 1 in Evocations
   466 | D:3      | Reached XP level 4. HP: 32/32 MP: 4/11
   549 | D:3      | Reached skill level 1 in Conjurations
   549 | D:3      | Reached skill level 1 in Hexes
   549 | D:3      | Reached skill level 1 in Charms
   549 | D:3      | Reached skill level 1 in Summonings
   549 | D:3      | Reached skill level 1 in Necromancy
   549 | D:3      | Reached skill level 1 in Translocations
   549 | D:3      | Reached skill level 1 in Fire Magic
   549 | D:3      | Reached skill level 1 in Ice Magic
   549 | D:3      | Reached skill level 1 in Air Magic
   549 | D:3      | Reached skill level 1 in Poison Magic
   579 | D:3      | Reached XP level 5. HP: 14/37 MP: 0/12
   739 | D:3      | HP: 3/37 [orc wizard/puff of flame (5)]
  1005 | D:5      | Entered Level 5 of the Dungeon
  1034 | D:5      | Reached XP level 6. HP: 37/44 MP: 13/13
  1045 | D:5      | Reached skill level 2 in Invocations
  1203 | D:5      | Reached skill level 2 in Fighting
  1203 | D:5      | Reached skill level 2 in Short Blades
  1203 | D:5      | Reached skill level 2 in Long Blades
  1203 | D:5      | Reached skill level 2 in Axes
  1203 | D:5      | Reached skill level 2 in Maces & Flails
  1203 | D:5      | Reached skill level 2 in Polearms
  1203 | D:5      | Reached skill level 2 in Staves
  1203 | D:5      | Reached skill level 2 in Slings
  1203 | D:5      | Reached skill level 2 in Bows
  1203 | D:5      | Reached skill level 2 in Crossbows
  1203 | D:5      | Reached skill level 2 in Throwing
  1203 | D:5      | Reached skill level 2 in Armour
  1203 | D:5      | Reached skill level 5 in Dodging
  1203 | D:5      | Reached skill level 2 in Shields
  1203 | D:5      | Reached skill level 2 in Unarmed Combat
  1203 | D:5      | Reached skill level 2 in Evocations
  1223 | D:5      | Reached XP level 7. HP: 36/50 MP: 4/15
  1288 | D:5      | Slain by an orc warrior

Vault maps used:
D:1:      tarquinn_simple_flora_water_c, serial_bayou_lagoon_a
D:2:      minmay_pentomino_z2
D:3:      kennysheep_vampire_church, minmay_misc_feat_secret_circle
D:4:      cheibrodos_old_hovel, first_bread
D:5:      corexii_shantytown, nicolae_dithmenos_the_darkroom, enter_ossuary_3,
          sword_in_stone

Skill      XL: |  1  2  3  4  5  6 |
---------------+-------------------+-----
Transmutations | 2 |  2.8
Spellcasting   | 5 |  5.5
Invocations    | 1 2 |  2.5
Fighting       | 1 2 |  2.3
Short Blades   | 1 2 |  2.3
Long Blades    | 1 2 |  2.3
Axes           | 1 2 |  2.3
Maces & Flails | 1 2 |  2.3
Polearms       | 1 2 |  2.3
Staves         | 1 2 |  2.3
Slings         | 1 2 |  2.3
Bows           | 1 2 |  2.3
Crossbows      | 1 2 |  2.3
Throwing       | 1 2 |  2.3
Armour         | 1 2 |  2.3
Shields        | 1 2 |  2.3
Unarmed Combat | 1 2 |  2.3
Evocations     | 1 2 |  2.3
Conjurations   | 1 |  1.8
Hexes          | 1 |  1.8
Charms         | 1 |  1.8
Summonings     | 1 |  1.8
Necromancy     | 1 |  1.8
Translocations | 1 |  1.8
Fire Magic     | 1 |  1.8
Ice Magic      | 1 |  1.8
Air Magic      | 1 |  1.8
Poison Magic   | 1 |  1.8
Dodging        | 5 |  5.1
Stealth        | |  4.8
Earth Magic    | |  5.8

Action                   |  1- 3 |  4- 6 |  7- 9 || total
-------------------------+-------+-------+-------++-------
Melee: Club              |     1 |       |       ||     1
       Morningstar       |       |    13 |       ||    13
       Punch             |       |     1 |       ||     1
       Dagger            |       |    70 |     4 ||    74
       Bite              |       |    16 |       ||    16
Throw: Stone             |       |     1 |       ||     1
 Cast: Sandblast         |    37 |    57 |     2 ||    96
       Passwall          |     1 |     7 |       ||     8
       Stone Arrow       |       |     2 |       ||     2
Evoke: Wand              |       |     1 |     1 ||     2
  Use: Scroll            |       |     5 |       ||     5
       Potion            |       |     2 |       ||     2
 Stab: Sleeping          |       |     8 |       ||     8
  Eat: Chunk             |       |       |     1 ||     1
Armor: Robe              |     2 |     4 |     1 ||     7
Dodge: Dodged            |    18 |    73 |    12 ||   103

Table legend:
 A = Spawn XP
 B = Non-spawn XP
 C = Spawn XP percentage of total XP
 D = Spawn monster count
 E = Non-spawn monster count
 F = Spawn count percentage of total count
 G = Total turns spent on level
                    A         B        C        D         E        F      G
               +---------+---------+-------+---------+---------+-------+---------
         Total |       0 |     750 |   0.0 |       0 |      96 |   0.0 |  1288
               +---------+---------+-------+---------+---------+-------+---------
           D:1 |       0 |      26 |   0.0 |       0 |      16 |   0.0 |   308
           D:2 |       0 |      68 |   0.0 |       0 |      20 |   0.0 |   301
           D:3 |       0 |     223 |   0.0 |       0 |      27 |   0.0 |   363
           D:5 |       0 |     433 |   0.0 |       0 |      33 |   0.0 |   283
               +---------+---------+-------+---------+---------+-------+---------

Table legend:
 A = Turns spent in this place as a percentage of turns spent in the entire game.
 B = Non-inter-level travel turns spent in this place as a percentage of non-inter-level travel turns spent in the entire game.
 C = Inter-level travel turns spent in this place as a percentage of turns spent in this place.
 D = Turns resting spent in this place as a percentage of non-inter-level travel turns spent in this place.
 E = Turns spent auto-exploring this place as a percentage of non-inter-level travel turns spent in this place.
 F = Non-inter-level travel turns spent in this place divided by the number of levels of this place that you've seen.
                   A       B       C       D       E      F
               +-------+-------+-------+-------+-------+----------------------
         Total | 100.0 | 100.0 |   0.0 |   0.0 |   0.0 | 257.6
       Dungeon | 100.0 | 100.0 |   0.0 |   0.0 |   0.0 | 257.6
               +-------+-------+-------+-------+-------+----------------------

Table legend:
 A = Kills in this place as a percentage of kills in entire the game.
 B = Kills by you in this place as a percentage of kills by you in the entire game.
 C = Kills by friends in this place as a percentage of kills by friends in the entire game.
 D = Other kills in this place as a percentage of other kills in the entire game.
 E = Experience gained in this place as a percentage of experience gained in the entire game.
 F = Experience gained in this place divided by the number of levels of this place that you have seen.
                   A       B       C       D       E      F
               +-------+-------+-------+-------+-------+----------------------
         Total | 100.0 | 100.0 |   N/A |   N/A | 100.0 | 150.0
       Dungeon | 100.0 | 100.0 |   N/A |   N/A | 100.0 | 150.0
               +-------+-------+-------+-------+-------+----------------------

Vault maps used:
D:1:      tarquinn_simple_flora_water_c, serial_bayou_lagoon_a
D:2:      minmay_pentomino_z2
D:3:      kennysheep_vampire_church, minmay_misc_feat_secret_circle
D:4:      cheibrodos_old_hovel, first_bread
D:5:      corexii_shantytown, nicolae_dithmenos_the_darkroom, enter_ossuary_3,
          sword_in_stone
